TOP OF THE 1ST |
Salem-Keizer Volcanoes batting - Pitching for Batavia Muckdogs : RHP Ryan Weedon
|
Pitching: RHP Ryan Weedon
|
|
Batting: RHB Adrian Franz
|
0-0: Swinging Strike 0-1: Swinging Strike 0-2: Foul Ball, location: 2F 0-2: Ball 1-2: Ball 2-2: Foul Ball, location: 2F 2-2: Ball 3-2: Foul Ball, location: 2F 3-2: Base on Balls
|
Batting: LHB Adrian Navarro
|
0-0: Ball 1-0: Foul Ball, location: 2F 1-1: Ball 2-1: Called Strike 2-2: Ball 3-2: Fly out, F7 (Flyball, 78M, EV 86.9 MPH) Lined into DP, 7-3 (Flyball, 78M, EV 86.9 MPH)
|
Batting: RHB Mike Storey
|
0-0: Ball 1-0: Called Strike 1-1: Ground out 1-3 (Groundball, 15, EV 64.4 MPH)
|
Top of the 1st over - 0 runs, 0 hits, 0 errors, 0 left on base; Salem-Keizer 0 - Batavia 0 |
BOTTOM OF THE 1ST |
Batavia Muckdogs batting - Pitching for Salem-Keizer Volcanoes : RHP Carlos Solis
|
Pitching: RHP Carlos Solis
|
|
Batting: SHB Justin Corbett
|
0-0: Called Strike 0-1: Ball 1-1: Ball 2-1: Swinging Strike 2-2: Foul Ball, location: 2F 2-2: Ball 3-2: Foul Ball, location: 2F 3-2: Ground out 4-3 (Groundball, 4, EV 79.4 MPH)
|
Batting: RHB Hiromitsu Yamada
|
0-0: Ball 1-0: Ball 2-0: Ball 3-0: Called Strike 3-1: Foul Ball, location: 2F 3-2: Foul Ball, location: 2F 3-2: Base on Balls
|
Batting: SHB Greg Rivera
|
0-0: Ball 1-0: Called Strike Hiromitsu Yamada steals 2nd base 1-1: Ball 2-1: Foul Ball, location: 2F 2-2: 2-RUN HOME RUN (Flyball, 9LD, EV 95.0 MPH), Distance : 354 ft
|
Batting: RHB Justin Dunham
|
0-0: Called Strike 0-1: Called Strike 0-2: Ball 1-2: Ball 2-2: Foul Ball, location: 2F 2-2: Ball 3-2: Base on Balls
|
Batting: RHB Reomel Somera
|
0-0: Ball 1-0: Called Strike 1-1: Called Strike 1-2: Ball 2-2: Ball 3-2: Base on Balls Justin Dunham to second
|
Pitching: RHP Kevin Spencer
|
|
Batting: RHB Jason Thrash
|
0-0: Fielders Choice at 2nd, 1-6 (Groundball, 13S, EV 68.1 MPH) Justin Dunham to third
|
Batting: RHB Justin Layton
|
0-0: SINGLE (Groundball, 4MD, EV 104.4 MPH) Justin Dunham scores Jason Thrash to second
|
Batting: RHB Jeremy Dennis
|
0-0: Foul Ball, location: 2F 0-1: Ball 1-1: Foul Ball, location: 2F 1-2: Ball 2-2: Strikes out swinging
|
Bottom of the 1st over - 3 runs, 2 hits, 0 errors, 2 left on base; Salem-Keizer 0 - Batavia 3 |
TOP OF THE 2ND |
Salem-Keizer Volcanoes batting - Pitching for Batavia Muckdogs : RHP Ryan Weedon
|
Batting: LHB Eddie Lemus
|
0-0: Foul Ball, location: 2F 0-1: Foul Ball, location: 2F 0-2: Strikes out looking
|
Batting: RHB Chris Kulik
|
0-0: Foul Ball, location: 2F 0-1: SINGLE (Groundball, 6MD, EV 96.2 MPH)
|
Batting: LHB Kuan Hsia
|
0-0: Swinging Strike 0-1: Called Strike 0-2: Ball 1-2: Ball 2-2: Strikes out swinging
|
Batting: RHB Ricky Aguilar
|
0-0: Ball 1-0: Swinging Strike 1-1: Ball 2-1: Ball 3-1: Swinging Strike 3-2: Base on Balls Chris Kulik to second
|
Batting: RHB Soichi Kaneshiro
|
0-0: Foul Ball, location: 2F 0-1: Ball 1-1: Ground out U3 (Groundball, 34, EV 84.4 MPH)
|
Top of the 2nd over - 0 runs, 1 hit, 0 errors, 2 left on base; Salem-Keizer 0 - Batavia 3 |
BOTTOM OF THE 2ND |
Batavia Muckdogs batting - Pitching for Salem-Keizer Volcanoes : RHP Kevin Spencer
|
Batting: RHB Calvin Morin
|
0-0: Foul Ball, location: 2F 0-1: Ball 1-1: Ball 2-1: Ball 3-1: Base on Balls
|
Batting: SHB Justin Corbett
|
0-0: Called Strike 0-1: Ball 1-1: Ball Calvin Morin steals 2nd base 2-1: SINGLE (Line Drive, 9LS, EV 106.2 MPH) Calvin Morin to third Runner from 3rd tries for Home, SAFE, throw by RF to home Justin Corbett to second
|
Batting: RHB Hiromitsu Yamada
|
0-0: Foul Ball, location: 2F 0-1: Ball 1-1: Ball 2-1: Foul Ball, location: 2F 2-2: Strikes out looking
|
Batting: SHB Greg Rivera
|
0-0: Swinging Strike 0-1: Called Strike Justin Corbett steals 3rd base 0-2: Ball 1-2: Ball 2-2: Ball 3-2: Strikes out swinging
|
Pitching: RHP Danny Estrada
|
|
Batting: RHB Justin Dunham
|
0-0: Ball 1-0: Ball Wild Pitch! Justin Corbett scores 2-0: Ball 3-0: Called Strike 3-1: Swinging Strike 3-2: Foul Ball, location: 2F 3-2: Foul Ball, location: 2F 3-2: Foul Ball, location: 2F 3-2: Base on Balls
|
Batting: RHB Reomel Somera
|
0-0: Ball Justin Dunham steals 2nd base 1-0: Swinging Strike 1-1: Ball 2-1: Ground out 6-3 (Groundball, 6, EV 80.0 MPH)
|
Bottom of the 2nd over - 2 runs, 1 hit, 0 errors, 1 left on base; Salem-Keizer 0 - Batavia 5 |
TOP OF THE 3RD |
Salem-Keizer Volcanoes batting - Pitching for Batavia Muckdogs : RHP Ryan Weedon
|
Batting: RHB Glen Limeburner
|
0-0: Swinging Strike 0-1: Ball 1-1: Ball 2-1: Foul Ball, location: 2F 2-2: Ball 3-2: Base on Balls
|
Batting: RHB Adrian Franz
|
0-0: Called Strike Glen Limeburner is caught stealing 2nd base 2-4 0-1: Foul Ball, location: 2F 0-2: Ball 1-2: Strikes out swinging
|
Batting: LHB Adrian Navarro
|
0-0: Foul Ball, location: 2F 0-1: Ball 1-1: Ball 2-1: Foul Ball, location: 2F 2-2: Ball 3-2: Base on Balls
|
Batting: RHB Mike Storey
|
0-0: Called Strike 0-1: Called Strike 0-2: Strikes out swinging
|
Top of the 3rd over - 0 runs, 0 hits, 0 errors, 1 left on base; Salem-Keizer 0 - Batavia 5 |
BOTTOM OF THE 3RD |
Batavia Muckdogs batting - Pitching for Salem-Keizer Volcanoes : RHP Danny Estrada
|
Batting: RHB Jason Thrash
|
0-0: Called Strike 0-1: Hit by Pitch
|
Batting: RHB Justin Layton
|
0-0: SINGLE (Groundball, 6MD, EV 101.9 MPH) Jason Thrash to second
|
Batting: RHB Jeremy Dennis
|
0-0: Called Strike 0-1: Ball Wild Pitch! Jason Thrash to third Justin Layton to second 1-1: Ground out 4-3 (Groundball, 4, EV 89.4 MPH) Jason Thrash scores Justin Layton to third
|
Pitching: RHP Wally Dethridge
|
|
Batting: RHB Calvin Morin
|
0-0: Ball 1-0: Called Strike 1-1: SINGLE (Line Drive, 6, EV 96.2 MPH) Justin Layton scores
|
Batting: SHB Justin Corbett
|
0-0: Called Strike Calvin Morin steals 2nd base 0-1: Ball 1-1: SINGLE (Line Drive, 9S, EV 90.6 MPH) Calvin Morin to third
|
Batting: RHB Hiromitsu Yamada
|
0-0: Called Strike 0-1: Foul Ball, location: 2F 0-2: Ball 1-2: Foul Ball, location: 2F 1-2: SINGLE (Groundball, 56D, EV 97.5 MPH) Calvin Morin scores Justin Corbett to second
|
Batting: SHB Greg Rivera
|
0-0: Ball 1-0: Fly out, F7 (Flyball, 78D, EV 88.8 MPH)
|
Batting: RHB Justin Dunham
|
0-0: Called Strike 0-1: Ball 1-1: Called Strike 1-2: Foul Ball, location: 2F 1-2: Foul Ball, location: 2F 1-2: Ball 2-2: Ball 3-2: Strikes out swinging
|
Bottom of the 3rd over - 3 runs, 4 hits, 0 errors, 2 left on base; Salem-Keizer 0 - Batavia 8 |
TOP OF THE 4TH |
Salem-Keizer Volcanoes batting - Pitching for Batavia Muckdogs : RHP Ryan Weedon
|
Batting: LHB Eddie Lemus
|
0-0: Swinging Strike 0-1: Ball 1-1: Ball 2-1: Ball 3-1: Foul Ball, location: 2F 3-2: Base on Balls
|
Batting: RHB Chris Kulik
|
0-0: Ball 1-0: Foul Ball, location: 2F 1-1: Ball Eddie Lemus steals 2nd base 2-1: Ball 3-1: Foul Ball, location: 2F 3-2: Foul Ball, location: 2F 3-2: Foul Ball, location: 2F 3-2: Strikes out swinging
|
Batting: LHB Kuan Hsia
|
0-0: Called Strike 0-1: Ground out 5-3 (Groundball, 56S, EV 81.2 MPH)
|
Batting: RHB Ricky Aguilar
|
0-0: Ball 1-0: Ball 2-0: Called Strike 2-1: Foul Ball, location: 2F 2-2: Strikes out swinging
|
Top of the 4th over - 0 runs, 0 hits, 0 errors, 1 left on base; Salem-Keizer 0 - Batavia 8 |
BOTTOM OF THE 4TH |
Batavia Muckdogs batting - Pitching for Salem-Keizer Volcanoes : RHP Wally Dethridge
|
Pitching: LHP Jeff Briggs
|
|
Batting: RHB Reomel Somera
|
0-0: Swinging Strike 0-1: Foul Ball, location: 2F 0-2: Ball 1-2: Ground out 4-3 (Groundball, 34D, EV 83.8 MPH)
|
Batting: RHB Jason Thrash
|
0-0: Foul Ball, location: 2F 0-1: Fly out, F7 (Flyball, 7LM, EV 95.6 MPH)
|
Batting: RHB Justin Layton
|
0-0: Reached on error, E5 (Groundball, 56, EV 85.0 MPH)
|
Batting: RHB Jeremy Dennis
|
0-0: Ball 1-0: Swinging Strike 1-1: Ball 2-1: Foul Ball, location: 2F 2-2: Foul Ball, location: 2F 2-2: Hit by Pitch Justin Layton to second
|
Batting: RHB Calvin Morin
|
0-0: Foul Ball, location: 2F 0-1: Foul Ball, location: 2F 0-2: Ball 1-2: Ball 2-2: Ball 3-2: Foul Ball, location: 2F 3-2: Ground out 6-3 (Groundball, 6, EV 90.6 MPH)
|
Bottom of the 4th over - 0 runs, 0 hits, 1 error, 2 left on base; Salem-Keizer 0 - Batavia 8 |
TOP OF THE 5TH |
Salem-Keizer Volcanoes batting - Pitching for Batavia Muckdogs : RHP Ryan Weedon
|
Batting: RHB Soichi Kaneshiro
|
0-0: Ball 1-0: Called Strike 1-1: Foul Ball, location: 2F 1-2: Ball 2-2: Strikes out swinging
|
Pitching: RHP Alfonso Mier
|
|
Batting: RHB Glen Limeburner
|
0-0: Ball 1-0: Swinging Strike 1-1: Ball 2-1: Swinging Strike 2-2: Strikes out looking
|
Batting: RHB Adrian Franz
|
0-0: Called Strike 0-1: Ball 1-1: Called Strike 1-2: Foul Ball, location: 2F 1-2: Strikes out swinging
|
Top of the 5th over - 0 runs, 0 hits, 0 errors, 0 left on base; Salem-Keizer 0 - Batavia 8 |
BOTTOM OF THE 5TH |
Batavia Muckdogs batting - Pitching for Salem-Keizer Volcanoes : LHP Jeff Briggs
|
Pitching: LHP Justin Tidwell
|
|
Batting: SHB Justin Corbett
|
0-0: Ball 1-0: Ball 2-0: Foul Ball, location: 2F 2-1: Ball 3-1: Base on Balls
|
Batting: RHB Hiromitsu Yamada
|
0-0: Called Strike 0-1: Ball 1-1: SINGLE (Line Drive, 6D, EV 95.6 MPH) Justin Corbett to second
|
Batting: SHB Greg Rivera
|
0-0: Foul Ball, location: 2F 0-1: Ball 1-1: Swinging Strike 1-2: Fly out, F6 (Popup, 6MD, EV 48.1 MPH)
|
Batting: RHB Justin Dunham
|
0-0: Foul Ball, location: 2F 0-1: Ball 1-1: Foul Ball, location: 2F 1-2: Ball 2-2: Ball 3-2: 3-RUN HOME RUN (Line Drive, 7D, EV 94.4 MPH), Distance : 374 ft
|
Pitching: RHP Chance Robinson
|
|
Batting: RHB Reomel Somera
|
0-0: Ball 1-0: Foul Ball, location: 2F 1-1: Ball 2-1: Ball 3-1: DOUBLE (Flyball, 8RXD, EV 88.8 MPH)
|
Batting: RHB Jason Thrash
|
0-0: Swinging Strike 0-1: Foul Ball, location: 2F 0-2: Strikes out swinging
|
Batting: RHB Justin Layton
|
0-0: Called Strike 0-1: Ball 1-1: Called Strike 1-2: SINGLE (Groundball, 6, EV 95.6 MPH) Reomel Somera to third Runner from 3rd tries for Home, SAFE, throw by CF to home
|
Batting: RHB Jeremy Dennis
|
0-0: Called Strike 0-1: Foul Ball, location: 2F 0-2: Ball 1-2: Ball 2-2: Ball 3-2: Strikes out swinging
|
Bottom of the 5th over - 4 runs, 4 hits, 0 errors, 1 left on base; Salem-Keizer 0 - Batavia 12 |
TOP OF THE 6TH |
Salem-Keizer Volcanoes batting - Pitching for Batavia Muckdogs : RHP Alfonso Mier
|
Batting: LHB Adrian Navarro
|
0-0: Ball 1-0: Fly out, F7 (Flyball, 78S, EV 85.0 MPH)
|
Batting: RHB Mike Storey
|
0-0: Ball 1-0: Ball 2-0: Foul Ball, location: 2F 2-1: Foul Ball, location: 2F 2-2: Ball 3-2: SOLO HOME RUN (Flyball, 7LD, EV 91.2 MPH), Distance : 347 ft
|
Batting: LHB Eddie Lemus
|
0-0: Ball 1-0: Foul Ball, location: 2F 1-1: Called Strike 1-2: Strikes out swinging
|
Batting: RHB Chris Kulik
|
0-0: Ball 1-0: Ground out 5-3 (Groundball, 5S, EV 73.1 MPH)
|
Top of the 6th over - 1 run, 1 hit, 0 errors, 0 left on base; Salem-Keizer 1 - Batavia 12 |
BOTTOM OF THE 6TH |
Batavia Muckdogs batting - Pitching for Salem-Keizer Volcanoes : RHP Chance Robinson
|
Pitching: RHP Antonio Torres
|
|
Batting: RHB Calvin Morin
|
0-0: Called Strike 0-1: Ball 1-1: DOUBLE (Line Drive, 7LS, EV 101.2 MPH)
|
Batting: SHB Justin Corbett
|
0-0: SINGLE (Line Drive, 3D, EV 96.2 MPH) Calvin Morin to third
|
Batting: RHB Hiromitsu Yamada
|
0-0: Ball 1-0: SINGLE (Groundball, 56D, EV 100.6 MPH) Calvin Morin scores Justin Corbett to second
|
Batting: SHB Greg Rivera
|
0-0: Foul Ball, location: 2F 0-1: Fielders Choice at 2nd, 4-6 (Groundball, 4, EV 100.0 MPH) Justin Corbett to third
|
Batting: RHB Justin Dunham
|
0-0: Called Strike 0-1: SINGLE (Groundball, 6, EV 94.4 MPH) Justin Corbett scores Greg Rivera to second
|
Batting: RHB Reomel Somera
|
0-0: Called Strike 0-1: Foul Ball, location: 2F 0-2: 3-RUN HOME RUN (Flyball, 89XD, EV 106.2 MPH), Distance : 400 ft
|
Pitching: RHP Cedric Sweep
|
|
Batting: RHB Jason Thrash
|
0-0: Ball 1-0: Called Strike 1-1: Called Strike 1-2: Foul Ball, location: 2F 1-2: Foul Ball, location: 2F 1-2: Ball 2-2: Foul Ball, location: 2F 2-2: SINGLE (Line Drive, 34D, EV 94.4 MPH)
|
Batting: RHB Justin Layton
|
0-0: Ball 1-0: Foul Ball, location: 2F 1-1: Foul Ball, location: 2F 1-2: Strikes out swinging
|
Batting: RHB Jeremy Dennis
|
0-0: Called Strike 0-1: Called Strike Balk! Jason Thrash to second 0-2: Strikes out swinging
|
Bottom of the 6th over - 5 runs, 6 hits, 0 errors, 1 left on base; Salem-Keizer 1 - Batavia 17 |
TOP OF THE 7TH |
Salem-Keizer Volcanoes batting - Pitching for Batavia Muckdogs : RHP Alfonso Mier
|
Batting: LHB Kuan Hsia
|
0-0: Foul Ball, location: 2F 0-1: Swinging Strike 0-2: Strikes out swinging
|
Batting: RHB Ricky Aguilar
|
0-0: Called Strike 0-1: Ball 1-1: Swinging Strike 1-2: Ball 2-2: Strikes out swinging
|
Batting: RHB Soichi Kaneshiro
|
0-0: Ball 1-0: Called Strike 1-1: Ball 2-1: Swinging Strike 2-2: Strikes out swinging
|
Top of the 7th over - 0 runs, 0 hits, 0 errors, 0 left on base; Salem-Keizer 1 - Batavia 17 |
BOTTOM OF THE 7TH |
Batavia Muckdogs batting - Pitching for Salem-Keizer Volcanoes : RHP Cedric Sweep
|
Batting: RHB Calvin Morin
|
0-0: Swinging Strike 0-1: Ball 1-1: Called Strike 1-2: Ball 2-2: Strikes out swinging
|
Batting: SHB Justin Corbett
|
0-0: Foul Ball, location: 2F 0-1: Called Strike 0-2: Strikes out swinging
|
Pitching: RHP Sean Gilbert
|
|
Batting: RHB Hiromitsu Yamada
|
0-0: Ball 1-0: SINGLE (Groundball, 6M, EV 95.6 MPH)
|
Batting: SHB Greg Rivera
|
0-0: Called Strike 0-1: Ball 1-1: Called Strike 1-2: 2-RUN HOME RUN (Line Drive, 89XD, EV 112.5 MPH), Distance : 416 ft
|
Batting: RHB Justin Dunham
|
0-0: Ball 1-0: Ball 2-0: Foul Ball, location: 2F 2-1: DOUBLE (Line Drive, 78M, EV 87.5 MPH)
|
Batting: RHB Reomel Somera
|
0-0: SINGLE (Line Drive, 7S, EV 104.4 MPH) Justin Dunham to third
|
Batting: RHB Jason Thrash
|
0-0: Ball 1-0: SINGLE (Groundball, 6, EV 96.9 MPH) Justin Dunham scores Reomel Somera to second
|
Batting: RHB Justin Layton
|
0-0: Ball Balk! Reomel Somera to third Jason Thrash to second 1-0: Swinging Strike 1-1: Ground out 6-3 (Groundball, 6, EV 90.0 MPH)
|
Bottom of the 7th over - 3 runs, 5 hits, 0 errors, 2 left on base; Salem-Keizer 1 - Batavia 20 |
TOP OF THE 8TH |
Salem-Keizer Volcanoes batting - Pitching for Batavia Muckdogs : RHP Alfonso Mier
|
Batting: RHB Glen Limeburner
|
0-0: Ball 1-0: Swinging Strike 1-1: Ball 2-1: Foul Ball, location: 2F 2-2: Foul Ball, location: 2F 2-2: Foul Ball, location: 2F 2-2: Strikes out looking
|
Pitching: LHP Brian Worthy
|
|
Batting: RHB Adrian Franz
|
0-0: Ball 1-0: Swinging Strike 1-1: Foul Ball, location: 2F 1-2: Foul Ball, location: 2F 1-2: Strikes out swinging
|
Batting: LHB Adrian Navarro
|
0-0: Ball 1-0: Foul Ball, location: 2F 1-1: Called Strike 1-2: Ball 2-2: Ball 3-2: Strikes out swinging
|
Top of the 8th over - 0 runs, 0 hits, 0 errors, 0 left on base; Salem-Keizer 1 - Batavia 20 |
BOTTOM OF THE 8TH |
Batavia Muckdogs batting - Pitching for Salem-Keizer Volcanoes : RHP Sean Gilbert
|
Batting: RHB Jeremy Dennis
|
0-0: Ball 1-0: Ball 2-0: Ball 3-0: Base on Balls
|
Pitching: RHP Matt Wallace
|
|
Batting: RHB Calvin Morin
|
0-0: Ball 1-0: Ball 2-0: Reached on error, E6 (Groundball, 56, EV 91.2 MPH) Jeremy Dennis to second
|
Batting: SHB Justin Corbett
|
0-0: Ball 1-0: Foul Ball, location: 2F Balk! Jeremy Dennis to third Calvin Morin to second 1-1: Ball 2-1: Foul Ball, location: 2F 2-2: Ball 3-2: Foul Ball, location: 2F 3-2: Foul Ball, location: 2F 3-2: Foul Ball, location: 2F 3-2: Strikes out looking
|
Batting: RHB Hiromitsu Yamada
|
0-0: Ball 1-0: Called Strike 1-1: Ball Balk! Jeremy Dennis scores Calvin Morin to third 2-1: Swinging Strike 2-2: SINGLE (Line Drive, 6MD, EV 97.5 MPH) Calvin Morin scores
|
Batting: SHB Greg Rivera
|
0-0: Ball 1-0: Foul Ball, location: 2F 1-1: Ball 2-1: Swinging Strike 2-2: Ball 3-2: Base on Balls Hiromitsu Yamada to second
|
Pitching: RHP Azeem bin Zuhair
|
|
Batting: RHB Justin Dunham
|
0-0: Ball 1-0: Ball 2-0: Swinging Strike 2-1: Foul Ball, location: 2F Balk! Hiromitsu Yamada to third Greg Rivera to second 2-2: Fly out, F3 (Popup, 3S, EV 73.1 MPH)
|
Batting: RHB Reomel Somera
|
0-0: Ball 1-0: Foul Ball, location: 2F 1-1: Ball 2-1: Ball 3-1: Base on Balls
|
Batting: RHB Jason Thrash
|
0-0: Ball 1-0: SINGLE (Flyball, 8RS, EV 90.6 MPH) Hiromitsu Yamada scores Greg Rivera to third Reomel Somera to second
|
Batting: RHB Justin Layton
|
0-0: Ball Wild Pitch! Greg Rivera scores Reomel Somera to third Jason Thrash to second 1-0: Ball Wild Pitch! Reomel Somera scores Jason Thrash to third 2-0: Called Strike 2-1: Ball 3-1: Base on Balls
|
Batting: RHB Jeremy Dennis
|
0-0: Ball Wild Pitch! Jason Thrash scores Justin Layton to second 1-0: 2-RUN HOME RUN (Line Drive, 9LD, EV 90.6 MPH), Distance : 343 ft
|
Pitching: LHP Diego Tellez
|
|
Batting: RHB Calvin Morin
|
0-0: Ground out 6-3 (Groundball, 6MS, EV 82.5 MPH)
|
Bottom of the 8th over - 8 runs, 3 hits, 1 error, 0 left on base; Salem-Keizer 1 - Batavia 28 |
TOP OF THE 9TH |
Salem-Keizer Volcanoes batting - Pitching for Batavia Muckdogs : LHP Brian Worthy
|
Batting: RHB Mike Storey
|
0-0: Ball 1-0: Called Strike 1-1: Called Strike 1-2: Foul Ball, location: 2F 1-2: Strikes out looking
|
Batting: LHB Eddie Lemus
|
0-0: Ball 1-0: SINGLE (Groundball, 34D, EV 104.4 MPH)
|
Batting: RHB Chris Kulik
|
0-0: Called Strike 0-1: Swinging Strike 0-2: Foul Ball, location: 2F 0-2: Foul Ball, location: 2F 0-2: Ball 1-2: Ball 2-2: Strikes out swinging
|
Batting: LHB Kuan Hsia
|
0-0: Ball 1-0: Ball 2-0: Called Strike 2-1: Foul Ball, location: 2F 2-2: Hit by Pitch Eddie Lemus to second
|
Batting: RHB Ricky Aguilar
|
0-0: Ball 1-0: Called Strike 1-1: Ball 2-1: Foul Ball, location: 2F 2-2: Ball 3-2: SINGLE (Line Drive, 7LS, EV 91.9 MPH) Eddie Lemus to third Kuan Hsia to second Eddie Lemus scores Kuan Hsia to third
|
Batting: RHB Soichi Kaneshiro
|
0-0: Ball 1-0: Swinging Strike 1-1: Foul Ball, location: 2F 1-2: Strikes out swinging
|
Top of the 9th over - 1 run, 2 hits, 0 errors, 2 left on base; Salem-Keizer 2 - Batavia 28 |
|